 Dungeon Crawl Stone Soup version 0.27.0-1-g7a089689b8 (webtiles) character file.

Game seed: 893703570810586455

30 loansindi the Conjurer (level 3, -1/26 HPs)
             Began as a Draconian Conjurer on Aug 17, 2021.
             Was a Follower of Okawaru.
             Slain by an iguana (4 damage)
             ... on level 2 of the Dungeon.
             The game lasted 00:03:12 (1828 turns).

loansindi the Conjurer (Draconian Conjurer)         Turns: 1828, Time: 00:03:13

Health: -1/26      AC:  5    Str:  9    XL:     3   Next: 5%
Magic:  1/6        EV: 12    Int: 19    God:    Okawaru [*.....]
Gold:   142        SH:  0    Dex:  9    Spells: 3/6 levels left

rFire    . . .     SeeInvis .   d - +0 dagger
rCold    . . .     Faith    .   (no shield)
rNeg     . . .     Spirit   .   (armour unavailable)
rPois    .         Reflect  .   (helmet restricted)
rElec    .         Harm     .   (no cloak)
rCorr    .         Rampage  .   (no gloves)
Will     .....                  (no boots)
Stlth    ++........             (no amulet)
HPRegen  0.08/turn              (no ring)
MPRegen  0.10/turn              (no ring)

@: no status effects
A: AC +5, unfitting armour, cold-blooded
a: Renounce Religion, Heroism


You were on level 2 of the Dungeon.
You worshipped Okawaru.
Okawaru was aware of your devotion.
You visited 1 branch of the dungeon, and saw 2 of its levels.

You collected 142 gold pieces.

Inventory:

Hand Weapons
 d - a +0 dagger (weapon)
Armour
 a - a +0 ring mail
Scrolls
 c - a scroll of teleportation {unknown}
 e - a scroll of immolation {unknown}
 g - a scroll of enchant weapon {unknown}
 h - a scroll of enchant armour {unknown}
Potions
 b - a potion of flight {unknown}
 f - a potion of ambrosia {unknown}


   Skills:
 + Level 0.3 Short Blades
 + Level 2.1 Dodging
 + Level 1.8 Stealth
 + Level 2.0 Spellcasting
 + Level 4.7 Conjurations


You had 3 spell levels left.
You knew the following spells:

 Your Spells              Type           Power      Damage    Failure   Level
a - Magic Dart            Conj           76%        1d6       2%          1
b - Searing Ray           Conj           38%        3d4       3%          2

Your spell library contained the following spells:

 Spells                   Type           Power      Damage    Failure   Level
 Dazzling Flash           Conj/Hex       20%        N/A       19%         3
 Call Imp                 Summ           1%         N/A       26%         2
 Mephitic Cloud           Conj/Pois/Air  7%         N/A       26%         3
 Tukima's Dance           Hex            1%         N/A       45%         3
 Fulminant Prism          Conj/Hex       5%         3d7       54%         4
 Iskenderun's Mystic Bla  Conj/Tloc      10%        2d4       54%         4
 Passage of Golubria      Tloc           N/A        N/A       86%         4
 Blade Hands              Tmut           0%         N/A       99%         5
 Yara's Violent Unravell  Hex/Tmut       0%         3d3       99%         5
 Iron Shot                Conj/Erth      5%         9d2       100%        6
 Animate Armour           Summ/Erth      Unusable   N/A       N/A         4

Dungeon Overview and Level Annotations

Branches:
Dungeon (2/15)

Altars:
Fedhas
Okawaru


Innate Abilities, Weirdness & Mutations

Your plain brown scales are hard. (AC +5)
You cannot fit into any form of body armour.
You are cold-blooded and may be slowed by cold attacks.


Message History

The searing ray hits the iguana.
The iguana is lightly wounded. (Press . to maintain the ray.)
The searing ray hits the iguana.
The iguana is heavily wounded.
The iguana bites you but does no damage.
The searing ray hits the iguana.
The iguana is severely wounded.
The iguana bites you.
You closely miss the iguana.
The iguana is severely wounded.
The iguana closely misses you.
You hit the iguana but do no damage.
The iguana is severely wounded.
The iguana bites you but does no damage.
You hit the iguana but do no damage.
The iguana is severely wounded.
The iguana barely misses you.
You hit the iguana but do no damage.
The iguana is severely wounded.
The iguana bites you.
You closely miss the iguana.
The iguana is severely wounded.
The iguana bites you!
You hit the iguana but do no damage.
Your tail-slap misses the iguana.
The iguana is severely wounded.
The iguana bites you!
* * * LOW HITPOINT WARNING * * *
You closely miss the iguana.
The iguana is severely wounded.
The iguana misses you.
You are too injured to fight recklessly!
You barely miss the iguana.
The iguana is severely wounded.
The iguana misses you.
You hit the iguana but do no damage.
You tail-slap the iguana, but do no damage.
The iguana is severely wounded.
The iguana bites you.
You die...

### ##.## ..... ... ... #.#
#l# #.# #@# #.# #. ##'## #.
#.# # ####.#### ##...## #.
#.#.# .......# ##.....##
#.##.#. #...#.###.......##
#.....
##...#.##.........####...#####
#.................+...........
#.................####...#####
#.#.#.##.##........## ##..#


You could see an iguana.

Vanquished Creatures
  2 worms (D:2)
  A ball python (D:2)
  An endoplasm (D:1)
  6 giant cockroaches
  3 goblins
  A hobgoblin (D:1)
  2 kobolds
  A quokka (D:1)
  2 bats
  A frilled lizard (D:1)
  A rat (D:2)
21 creatures vanquished.

Vanquished Creatures (others)
  A fungus (D:1)
1 creature vanquished.

Grand Total: 22 creatures vanquished

Notes
Turn   | Place    | Note
-------+----------+-------------------------------------------
     0 | D:1      | loansindi the Draconian Conjurer began the quest for the
                  | Orb.
     0 | D:1      | Reached XP level 1. HP: 14/14 MP: 3/3
   579 | D:1      | Reached XP level 2. HP: 20/20 MP: 1/5
   744 | D:1      | Found a faded altar of an unknown god.
   756 | D:1      | Became a worshipper of Warmaster Okawaru
   756 | D:1      | Reached * piety under Okawaru
  1496 | D:2      | Found a blossoming altar of Fedhas.
  1505 | D:2      | Reached XP level 3. HP: 26/26 MP: 6/6
  1777 | D:2      | Learned a level 2 spell: Searing Ray
  1828 | D:2      | Slain by an iguana

Illustrated notes

Levels and vault maps discovered:
D:1:      minmay_arrival_solitary_statue, layout_loops_ring,
          shapermc_ecumenical_altar_petra, minmay_misc_feat_tiny,
          minmay_door_square, minmay_crystal_water, minmay_worlds_worst_comb
D:2:      layout_loops_corners, basic_altar

Skill      XL: |  1  2 |
---------------+-------+-----
Dodging        | 2 |  2.1
Short Blades   | |  0.3
Stealth        | |  1.8
Spellcasting   | |  2.0
Conjurations   | |  4.7

Action                   || total
-------------------------++-------
Melee: Unarmed           ||    21
       Dagger            ||    45
       Tailslap          ||     6
 Cast: Magic Dart        ||    45
       Searing Ray       ||     1
Armor: Skin              ||    19
Dodge: Dodged            ||    39
